 Dungeon Crawl Stone Soup version 0.30-a0-989-g0d87f670db (webtiles) character file.

Game seed: 15051669537375255052

22700 jtron the Spear-Bearer (level 13, -12/117 HPs)
             Began as an Ogre Monk on Apr 3, 2023.
             Was the Champion of Hepliaklqana.
             Mangled by a tengu warrior
             ... wielding a +3 great mace
              (25 damage)
             ... on level 12 of the Dungeon.
             The game lasted 00:48:20 (14680 turns).

jtron the Spear-Bearer (Ogre Monk)                 Turns: 14680, Time: 00:48:21

Health: -12/117    AC: 17    Str: 18    XL:     13   Next: 2%
Magic:  22/26      EV: 11    Int: 21    God:    Hepliaklqana [******]
Gold:   491        SH:  0    Dex: 11    Spells: 21/31 levels left

rFire   . . .      SeeInvis .    a - +2 scythe (venom)
rCold   . . .      Faith    .    (shield currently unavailable)
rNeg    . . .      Spirit   .    t - +4 troll leather armour
rPois   .          Reflect  .    (helmet restricted)
rElec   .          Rampage  .    i - +2 cloak
rCorr   +                        (gloves unavailable)
Will    +....                    (boots unavailable)
Stlth   ++                       (no amulet)
HPRegen 1.19/turn                A - ring of resist corrosion
MPRegen 0.20/turn                K - +6 ring of intelligence

@: ice-armoured, flying
A: reduced essence, large, unfitting armour, tough skin 1
a: Renounce Religion, Recall Ancestor, Ancestor Identity, Transference, Idealise


You were on level 12 of the Dungeon.
You worshipped Hepliaklqana.
Hepliaklqana was exalted by your worship.
You visited 2 branches of the dungeon, and saw 16 of its levels.

You collected 870 gold pieces.
You spent 379 gold pieces at shops.

Inventory:

Hand Weapons
 a - a +2 scythe of venom (weapon)
 L - a +0 antimagic trident
Missiles
 f - 14 boomerangs of dispersal
 k - 159 stones
 z - 8 poisoned darts (quivered)
 D - 6 boomerangs
 I - a curare-tipped dart
Armour
 i - a +2 cloak (worn)
 t - a +4 troll leather armour (worn)
 J - the +0 robe of Marbles {Int+6}
   (You bought it in a shop on level 10 of the Dungeon)

   Int:       It affects your intelligence (+6).
 O - the +0 cloak "Nomu" {rN+ Str+3 Int-2}
   (You found it on level 1 of the Lair of Beasts)

   Str:       It affects your strength (+3).
   Int:       It affects your intelligence (-2).
   rN:        It protects you from negative energy.
Jewellery
 A - a ring of resist corrosion (left hand)
 C - a ring of fire
 K - a +6 ring of intelligence (right hand)
 P - a ring of willpower
 Q - a ring of fire
Wands
 b - a wand of digging (7)
 g - a wand of iceblast (2)
 m - a wand of charming (3)
 R - a wand of light (5)
Scrolls
 d - 6 scrolls of noise
 n - 7 scrolls of fear
 w - 2 scrolls of amnesia
 x - 3 scrolls of fog
 y - 5 scrolls of teleportation
 G - 3 scrolls of vulnerability
 N - 2 scrolls of torment
 S - a scroll of summoning {unknown}
Potions
 c - 3 potions of ambrosia
 e - a potion of degeneration {unknown}
 l - 7 potions of attraction
 o - 2 potions of flight
 p - a potion of magic {unknown}
 q - a potion of haste {unknown}
 r - 2 potions of resistance {unknown}
 s - a potion of mutation
 v - 6 potions of brilliance
 B - a potion of invisibility {unknown}
 E - 3 potions of lignification {unknown}
 F - 5 potions of cancellation
 M - 2 potions of berserk rage
Miscellaneous
 j - a phantom mirror
 u - a condenser vane
 H - a tin of tremorstones (1/2)


   Skills:
 + Level 9.4 Fighting
 * Level 13.0 Polearms
 + Level 2.2 Throwing
 + Level 1.3 Armour
 + Level 6.0 Dodging
 + Level 5.0 Stealth
 + Level 0.4 Unarmed Combat
 * Level 9.5 Spellcasting
 * Level 0.2 Summonings
 + Level 3.1 Transmutations
 + Level 5.5 Ice Magic
 + Level 4.5 Poison Magic
 + Level 4.6 Invocations
 + Level 2.2 Evocations


You had 21 spell levels left.
You knew the following spells:

 Your Spells              Type           Power      Damage    Failure   Level
a - Sting                 Tmut/Pois      100%       1d8       1%          1
b - Ozocubu's Armour      Ice            33%        N/A       2%          3
c - Poisonous Vapours     Pois/Air       38%        N/A       4%          2
d - Olgreb's Toxic Radia  Pois           29%        N/A       12%         4

Your spell library contained the following spells:

 Spells                   Type           Power      Damage    Failure   Level
 Scorch                   Fire           18%        2d5       12%         2
 Flame Wave               Conj/Fire      9%         2d6       63%         4
 Summon Cactus Giant      Summ           5%         N/A       100%        6
 Ozocubu's Refrigeration  Ice            16%        4d11      100%        7


Dungeon Overview and Level Annotations

Branches:
Dungeon (13/15)            Temple (0/1) D:5            Lair (3/5) D:9
  Swamp (0/4) Lair:2          Orc (0/2) D:10
  Snake: Lair:2-3    Spider: Lair:2-3    Vaults: D:13-14

Altars:
Cheibriados
Elyvilon
Fedhas
Gozag
Hepliaklqana
Sif Muna
Zin

Shops:
D:6 *   D:7 (   D:9 =   D:10 [

Portals:
Abyss: Lair:2

Annotations:
D:11 2 runed translucent doors, mandarbmax's ghost, journeyman NaFE
Lair:2 2 transporters, Usinnox's ghost, journeyman MiFi


Innate Abilities, Weirdness & Mutations

Your life essence is reduced to manifest your ancestor. (-10% HP)
You are too large for most types of armour.
You have tough skin. (AC +1)


Message History

The tengu warrior is heavily wounded.
The tengu warrior hits you with a +0 great sword.
* * * LOW HITPOINT WARNING * * *
The tengu warrior pecks you but does no damage.
The tengu warrior claws you but does no damage.
The tengu warrior barely misses you.
The tengu warrior pecks you but does no damage.
The tengu warrior claws you.
* * * LOW HITPOINT WARNING * * *
Casting: Olgreb's Toxic Radiance (dangerous; 12% risk of failure)
Confirm with . or Enter, or press ? or * to list all spells.
Aiming: Sting (safe; 1% risk of failure)
Press: ? - help, Shift-Dir - straight line, f - tengu warrior
Aim: a tengu warrior, wielding a +0 great sword and wearing a +0 ring mail (moderately wounded, blind, 61% to hit)
The sting hits the tengu warrior but does no damage.
The tengu warrior is poisoned.
The tengu warrior is moderately wounded.
The tengu warrior hits you with a +0 great sword.
* * * LOW HITPOINT WARNING * * *
The tengu warrior pecks you but does no damage.
The tengu warrior claws you but does no damage.
The tengu warrior barely misses you. x2; The tengu warrior claws you.
* * * LOW HITPOINT WARNING * * *
Casting: Sting (safe; 1% risk of failure)
Confirm with . or Enter, or press ? or * to list all spells.
A film of ice covers your body!
The tengu warrior hits you with a +0 great sword!
* * * LOW HITPOINT WARNING * * *
The tengu warrior pecks you but does no damage.
The tengu warrior claws you but does no damage.
The tengu warrior hits you but does no damage.
The tengu warrior pecks you but does no damage.
The tengu warrior claws you but does no damage.
You closely miss the tengu warrior.
The tengu warrior is heavily wounded.
You closely miss the tengu warrior.
The tengu warrior is heavily wounded.
The tengu warrior is no longer blind.
The tengu warrior hits you with a +3 great mace!!
You die...

#.....#..............#
#.....#..............#
#.....#..............#
#.....#..............#
#.....#..............#
#.#####..............#
#...#................#
#...#..........[.....#
#...#...........@Q>..#
#...#............Q...#
#...#................#
#...##################
#....................#
.....................#
.....................#
.....................#
........######.......#


You could see 2 tengu warriors.

Vanquished Creatures
  Kirke (D:12)
  A hydra (D:12)
  A boulder beetle (D:11)
  A two-headed ogre (D:11)
  A fire crab (D:9)
  A cyclops (D:12)
  An ugly thing (D:12)
  A manticore (D:11)
  4 komodo dragons
  2 cane toads
  An unseen horror (D:11)
  A troll (D:12)
  A hornet (D:9)
  A blink frog (Lair:2)
  Sigmund (D:3)
  A shadow (D:12)
  5 hogs (D:12)
  4 yaks
  3 vampire mosquitoes (D:12)
  A swamp worm (Lair:2)
  A water moccasin (Lair:2)
  A sky beast (D:7)
  An orc warrior (D:8)
  A black bear (D:4)
  5 centaurs (D:12)
  2 wolves (D:11)
  A bullfrog (Lair:1)
  2 kobold brigands
  A gnoll sergeant (D:9)
  14 wights
  7 killer bees
  2 howler monkeys
  2 gnoll boudas (D:9)
  2 orc priests
  2 jellies
  4 iguanas
  A sleepcap (D:6)
  4 orc wizards
  5 gnolls
  6 adders
  A shadow imp (D:8)
  A white imp (D:5)
  A dart slug (D:3)
  14 orcs
  3 ball pythons
  6 bats
  5 endoplasms
  A giant cockroach (D:1)
  4 goblins
  3 hobgoblins
  4 kobolds
  A quokka (D:4)
  3 frilled lizards
  6 rats
150 creatures vanquished.

Vanquished Creatures (collateral kills)
  A bog body (Lair:2)
  2 ugly things
  A cyclops (D:13)
  2 manticores
  3 cane toads
  A rime drake (Lair:1)
  2 komodo dragons
  3 trolls
  A polar bear (Lair:2)
  Grinder (D:6)
  A tarantella (shapeshifter) (D:12)
  2 blink frogs (Lair:2)
  A vampire (D:10)
  A shadow (D:11)
  12 yaks
  Grum (D:11)
  2 vampire mosquitoes (D:12)
  A swamp worm (Lair:2)
  An acid dragon (D:12)
  A water moccasin (Lair:1)
  An orc warrior (D:10)
  An ice beast (D:5)
  3 centaurs
  2 wolves (D:11)
  A kobold brigand (D:7)
  6 bullfrogs
  2 gnoll sergeants
  2 scorpions (D:6)
  8 wights
  4 killer bees
  2 howler monkeys
  3 jellies
  A hound (D:5)
  4 iguanas
  2 sleepcaps (D:8)
  A gnoll bouda (D:7)
  5 orc wizards
  5 adders
  11 gnolls
  2 white imps
  2 ufetubi
  2 worms
  A dart slug (D:1)
  19 orcs
  3 endoplasms
  A goblin (D:3)
  3 hobgoblins
  2 jackals (D:2)
  11 kobolds
  3 quokkas
  2 ball pythons
  7 bats
  A frilled lizard (D:2)
  A rat (D:1)
164 creatures vanquished.

Vanquished Creatures (others)
  A yak (D:8)
  A gnoll (D:9)
  13 battlemagi
  An orc (D:6)
  3 fungi (Lair:2)
  3 plants (Lair:2)
22 creatures vanquished.

Grand Total: 336 creatures vanquished

Notes
Turn   | Place    | Note
-------+----------+-------------------------------------------
     0 | D:1      | jtron the Ogre Monk began the quest for the Orb.
     0 | D:1      | Reached XP level 1. HP: 24/24 MP: 1/1
   127 | D:1      | Reached XP level 2. HP: 22/32 MP: 2/2
   328 | D:1      | Found a faded altar of an unknown god.
   336 | D:1      | Prayed at the altar of an unknown god.
   336 | D:1      | Became a worshipper of Hepliaklqana the Forgotten
   336 | D:1      | Reached * piety under Hepliaklqana
   336 | D:1      | Reached ** piety under Hepliaklqana
   337 | D:1      | Remembered your ancestor Ingiyab as a battlemage
   510 | D:1      | You fall into a shaft and drop 1 floor!
   548 | D:2      | Reached XP level 3. HP: 36/36 MP: 3/3
   673 | D:2      | Reached *** piety under Hepliaklqana
   895 | D:2      | Reached XP level 4. HP: 38/44 MP: 5/5
  1002 | D:2      | Reached skill level 1 in Spellcasting
  1226 | D:1      | Reached skill level 1 in Ice Magic
  1858 | D:3      | Noticed Sigmund
  1868 | D:3      | Killed Sigmund
  1869 | D:3      | Reached skill level 4 in Polearms
  1869 | D:3      | Reached XP level 5. HP: 35/49 MP: 5/8
  1869 | D:3      | Reached XP level 6. HP: 40/56 MP: 5/9
  2365 | D:4      | Noticed a black bear
  2399 | D:4      | Killed a black bear
  2400 | D:4      | Reached XP level 7. HP: 63/63 MP: 10/10
  2406 | D:4      | Reached **** piety under Hepliaklqana
  2768 | D:5      | Entered Level 5 of the Dungeon
  2776 | D:5      | Found a staircase to the Ecumenical Temple.
  2883 | D:5      | Found a blossoming altar of Fedhas.
  3113 | D:5      | Reached skill level 5 in Polearms
  3133 | D:5      | Found a snail-covered altar of Cheibriados.
  3150 | D:5      | Reached skill level 5 in Fighting
  3150 | D:5      | Reached skill level 1 in Invocations
  3367 | D:6      | Reached skill level 6 in Polearms
  3367 | D:6      | Reached XP level 8. HP: 50/72 MP: 12/12
  3369 | D:6      | Noticed Grinder
  3397 | D:6      | Killed Grinder
  3401 | D:6      | Reached skill level 7 in Polearms
  3654 | D:6      | Found Lunuolyi's General Store.
  3662 | D:6      | Bought a scroll of brand weapon for 95 gold pieces
  4278 | D:7      | Reached XP level 9. HP: 52/79 MP: 13/15
  4421 | D:7      | Found Coigoxke's Antique Weapon Emporium.
  4636 | D:7      | Found a shimmering blue altar of Sif Muna.
  4636 | D:7      | Found a white marble altar of Elyvilon.
  4935 | D:7      | Reached skill level 8 in Polearms
  5644 | D:8      | Reached skill level 5 in Spellcasting
  5645 | D:8      | Found an opulent altar of Gozag.
  5848 | D:8      | Reached skill level 9 in Polearms
  5850 | D:8      | Reached XP level 10. HP: 90/90 MP: 17/17
  5859 | D:8      | Learned a level 3 spell: Ozocubu's Armour
  6148 | D:9      | Found Paere Pyta's Jewellery Shoppe.
  6519 | D:9      | Noticed a manticore
  6531 | D:9      | Reached skill level 10 in Polearms
  6536 | D:9      | Killed a manticore
  6721 | D:9      | Found a staircase to the Lair.
  6722 | D:9      | Noticed a fire crab
  6735 | D:9      | Killed a fire crab
  6736 | D:9      | Reached skill level 5 in Dodging
  6883 | D:9      | Found a glowing silver altar of Zin.
  7355 | D:10     | Entered Level 10 of the Dungeon
  7391 | D:10     | Reached skill level 1 in Evocations
  7396 | D:10     | Reached XP level 11. HP: 95/98 MP: 18/20
  7434 | D:10     | Learned a level 1 spell: Sting
  7497 | D:10     | Identified the +0 ring mail "Goisesh" {Str+5 Slay+2}
  7540 | D:10     | Reached ***** piety under Hepliaklqana
  7777 | D:10     | Found Bururant's Armour Boutique.
  7782 | D:10     | Bought the +0 robe of Marbles {Int+6} for 284 gold pieces
  7825 | D:10     | Found a staircase to the Orcish Mines.
  7835 | D:10     | Reached skill level 11 in Polearms
  7919 | D:10     | Reached skill level 1 in Transmutations
  8287 | D:11     | Learned a level 2 spell: Poisonous Vapours
  8296 | D:11     | Reached skill level 1 in Poison Magic
  8499 | D:11     | Noticed a boulder beetle
  8527 | D:11     | Killed a boulder beetle
  8576 | D:11     | Noticed a brown ugly thing
  8583 | D:11     | Killed a brown ugly thing
  8584 | D:11     | Reached skill level 1 in Throwing
  8764 | D:11     | Found a large runed translucent door.
  8764 | D:11     | Found a large runed translucent door.
  8766 | D:11     | Noticed mandarbmax's ghost (journeyman NaFE)
  8773 | D:11     | Noticed Grum
  8785 | D:11     | Killed Grum
  8976 | D:11     | Noticed a manticore
  8986 | D:11     | Killed a manticore
  9587 | D:11     | Noticed a manticore
  9597 | D:11     | Noticed a two-headed ogre
  9603 | D:11     | Killed a manticore
  9876 | D:11     | Killed a two-headed ogre
  9877 | D:11     | Reached skill level 5 in Ice Magic
 10029 | D:11     | Learned a level 4 spell: Olgreb's Toxic Radiance
 10293 | Lair:1   | Entered Level 1 of the Lair of Beasts
 10756 | Lair:1   | Reached skill level 12 in Polearms
 10756 | Lair:1   | Reached XP level 12. HP: 79/109 MP: 19/23
 11138 | Lair:1   | Identified the +0 cloak "Nomu" {rN+ Str+3 Int-2}
 12066 | Lair:2   | Found a transporter.
 12070 | Lair:2   | Noticed a sun demon
 12070 | Lair:2   | Noticed a rakshasa
 12091 | Lair:2   | Reached ****** piety under Hepliaklqana
 12100 | Lair:2   | Found a transporter.
 12200 | Lair:2   | Noticed an entropy weaver
 12201 | Lair:2   | an entropy weaver changed into a polar bear
 12512 | Lair:2   | Found a staircase to the Swamp.
 12696 | Lair:2   | Noticed Usinnox's ghost (journeyman MiFi)
 13086 | Lair:2   | Found a one-way gate to the infinite horrors of the Abyss.
 13096 | Lair:2   | Noticed an anaconda
 13098 | Lair:2   | an anaconda changed into a great orb of eyes
 13098 | Lair:2   | Noticed a great orb of eyes (shapeshifter)
 13494 | D:12     | Noticed a five-headed hydra
 13504 | D:12     | Killed a seven-headed hydra
 13696 | D:12     | Noticed Kirke
 14177 | D:12     | Killed Kirke
 14178 | D:12     | Reached skill level 1 in Armour
 14178 | D:12     | Reached skill level 5 in Stealth
 14585 | D:13     | Noticed a tengu warrior
 14587 | D:13     | Noticed a tengu warrior
 14590 | D:13     | Reached skill level 13 in Polearms
 14590 | D:13     | Reached XP level 13. HP: 45/117 MP: 20/26
 14680 | D:12     | Mangled by a tengu warrior

Illustrated notes

Levels and vault maps discovered:
D:1:      eino_arrival_water_star, layout_loops_ring,
          ebering_ecumenical_altar_abandoned
D:2:      minmay_skewed_foursquare, layout_basic, dk_noncrumbling_4,
          nicolae_underground_beach
D:3:      layout_basic, uniq_sigmund
D:4:      layout_cave_pools
D:5:      layout_rooms, marbit_many_paths, mainiacjoe_overflow_boulevard,
          minmay_temple_entry_purple_smoke
D:6:      layout_basic, serial_shops, nicolae_shop_behind_doors,
          grunt_decor_fettered, kennysheep_generic_room_10, uniq_grinder
D:7:      layout_basic, mainiacjoe_overflow_large_starburst, serial_shops,
          nicolae_shop_statue_plus, minmay_unpleasant_kobolds
D:8:      wander_river, layout_rooms, lemuel_doored_altar
D:9:      minmay_general_purpose_star, layout_cave_pools,
          mainiacjoe_overflow_alcove_4, minmay_lair_entry_lava, serial_shops,
          shop
D:10:     layout_gridville, orc_0_dummy, serial_shops, kennysheep_little_box
D:11:     layout_gridville, ebering_ghost_disaster_area,
          minmay_misc_feat_square, uniq_grum
D:12:     layout_grid_maze, roderic_lattice_a, uniq_kirke
D:13:     layout_cross
Lair:1:   layout_long_grid
Lair:2:   layout_regular_city, nicolae_swamp_entry_splash_gauntlet,
          gammafunk_ghost_abyssal_escape
Lair:3:   layout_loops_ring, minmay_snake_entry_guardpost_large,
          chequers_serial_rivers_marsh, infiniplex_staircase_pool_2,
          grunt_megastairs_1

Skill      XL: |  1  2  3  4  5  6  7  8  9 10 11 12 |
---------------+-------------------------------------+-----
Dodging        | 3 4 5 6 |  6.0
Spellcasting   | 2 3 4 5 6 7 9 |  9.5
Ice Magic      | 1 2 3 4 5 |  5.5
Polearms       | 4 6 7 9 10 12 13 | 13.0
Stealth        | 2 3 4 5 |  5.0
Fighting       | 5 6 7 8 9 |  9.4
Invocations    | 1 2 4 |  4.6
Evocations     | 1 2 |  2.2
Transmutations | 2 3 |  3.1
Poison Magic   | 2 4 |  4.5
Throwing       | 1 2 |  2.2
Armour         | 1 |  1.3
Unarmed Combat | |  0.4
Summonings     | |  0.2

Action                     |  1- 3 |  4- 6 |  7- 9 | 10-12 | 13-15 || total
---------------------------+-------+-------+-------+-------+-------++-------
  Melee: Spear             |    78 |    26 |       |       |       ||   104
         Halberd           |       |    42 |   177 |   236 |     4 ||   459
         Unarmed           |       |       |       |     9 |       ||     9
  Throw: Dart              |       |       |       |    19 |       ||    19
         Boomerang         |       |       |       |     1 |       ||     1
         Stone             |       |       |       |     1 |       ||     1
   Cast: Ozocubu's Armour  |       |       |       |     9 |     1 ||    10
         Sting             |       |       |       |    29 |     1 ||    30
         Olgreb's Toxic Ra |       |       |       |     4 |       ||     4
         Poisonous Vapours |       |       |       |     1 |       ||     1
 Invoke: Ancestor Life: Ba |     1 |       |       |       |       ||     1
         Recall Ancestor   |     1 |       |       |     1 |     1 ||     3
         Idealise          |       |       |     2 |       |       ||     2
         Transference      |       |       |     1 |       |       ||     1
         Ancestor Identity |       |       |     1 |       |       ||     1
  Evoke: Wand              |       |       |     4 |    26 |     1 ||    31
         Phantom mirror    |       |       |       |     1 |       ||     1
         Tin of tremorston |       |       |       |     1 |       ||     1
    Use: Potion            |       |       |     7 |     3 |     2 ||    12
         Scroll            |       |       |    10 |    19 |     1 ||    30
   Stab: Sleeping          |     7 |     5 |     4 |     1 |       ||    17
         Distracted        |       |       |     1 |     5 |       ||     6
         Invisible         |       |       |       |     2 |       ||     2
 Armour: Robe              |    19 |    20 |    50 |    45 |       ||   134
         Troll leather arm |       |       |       |    17 |    21 ||    38
  Dodge: Dodged            |    26 |    26 |    98 |   145 |     8 ||   303

Table legend: (Time is in decaauts)
 A = Elapsed time spent in this place.
 B = Non-inter-level travel time spent in this place.
 C = Inter-level travel time spent in this place.
 D = Time resting spent in this place.
 E = Time spent auto-exploring this place.
 F = Levels seen in this place.
 G = Mean time per level.
                   A        B        C        D        E       F      G
               +--------+--------+--------+--------+--------+-----+--------+
         Total |  14713 |  14047 |    666 |   3578 |   8361 |  16 |  919.6 |
       Dungeon |  11849 |  11305 |    544 |   2412 |   7103 |  13 |  911.5 |
          Lair |   2863 |   2742 |    121 |   1166 |   1258 |   3 |  954.3 |
               +--------+--------+--------+--------+--------+-----+--------+

Top non-repeatable levels by time:
    D:11: 1994 daAuts
  Lair:1: 1537 daAuts
    D:12: 1458 daAuts
     D:9: 1360 daAuts
  Lair:2: 1324 daAuts
     D:2: 1060 daAuts
    D:10: 937 daAuts
     D:7: 911 daAuts
     D:8: 908 daAuts
     D:6: 888 daAuts
     D:1: 767 daAuts
     D:5: 593 daAuts
     D:3: 483 daAuts
     D:4: 463 daAuts
    D:13: 23 daAuts
